 Dungeon Crawl Stone Soup version 0.14-a0-3167-gc8df72d (webtiles) character file.

207 HollowCharge the Cudgeler (level 5, -5/55 HPs)
             Began as an Ogre Gladiator on Mar 10, 2014.
             Killed from afar by Terence (7 damage)
             ... with a wand of frost
             ... on Level 3 of the Dungeon.
             The game lasted 00:06:38 (2971 turns).

HollowCharge the Cudgeler (Ogre Gladiator)          Turns: 2971, Time: 00:06:38

HP  -5/55        AC  9     Str 21      XL: 5   Next:  3%
MP   5/5         EV  6     Int  7      God:
Gold 88          SH  0     Dex 12      Spells:  0 memorised,  4 levels left

rFire  + + .     SeeInvis .     a - +0 flail
rCold  x . .     Clarity  +     q - +0 fire dragon armour (curse)
rNeg   . . .     Conserve .     (shield restricted)
rPois  .         rCorr    .     c - +0 hat
rElec  .         rRot     .     (no cloak)
SustAb . .       Spirit   .     (gloves unavailable)
rMut   .         Warding  .     (boots unavailable)
Saprov + . .     Stasis   .     g - amulet of clarity
MR     .....                    (no ring)
                                i - ring of sustenance

@: not resistant to hostile enchantments, extremely unstealthy
A: unfitting armour, horns 1, agile 1, fast metabolism 2, saprovore 1, tough
skin 1
a: no special abilities


You were on level 3 of the Dungeon.
You were not hungry.

You visited 1 branch of the dungeon, and saw 3 of its levels.

You collected 88 gold pieces.

Inventory:

Hand weapons
 a - a +0,+0 flail (weapon)
Missiles
 d - 3 throwing nets (quivered)
Armour
 b - a +0 robe
 c - a +0 hat (worn)
 q - a cursed +0 fire dragon armour (worn)
Comestibles
 f - 3 meat rations
 h - a rotting chunk of bat flesh
 n - 3 bread rations
 o - 2 rotting chunks of hobgoblin flesh
 s - a pear
Scrolls
 k - a scroll of remove curse
 m - a scroll of magic mapping
 r - a scroll of identify
Jewellery
 g - an amulet of clarity (around neck)
 i - a ring of sustenance (left hand)
Potions
 e - a potion of curing


   Skills:
 + Level 4.7 Fighting
 + Level 5.4 Maces & Flails
 - Level 2.1 Throwing
 + Level 3.3 Dodging


You had 4 spell levels left.
You didn't know any spells.

Dungeon Overview and Level Annotations

Branches:
Dungeon (3/16)

Altars:

Annotations:
D:3 Terence


Innate Abilities, Weirdness & Mutations

You are too large for most types of armour.
You have a very fast metabolism.
You can tolerate rotten meat.
You have tough skin (AC +1).
You have a pair of small horns on your head.
You are agile. (Dex +2)


Message History

* * * LOW HITPOINT WARNING * * *
You are too injured to fight recklessly!
You are too injured to fight recklessly!
You are too injured to fight recklessly!
You are too injured to fight recklessly!
You closely miss the hound. Your headbutt misses the hound.
The hound is severely wounded.
Terence hits you with a glowing hand axe.
* * * LOW HITPOINT WARNING * * *
The hound bites you but does no damage.
The quokka bites you but does no damage.
You hit the hound.
The hound is almost dead.
The hound bites you but does no damage.
Terence zaps a wand.
The puff of frost hits you!
You feel a terrible chill!
* * * LOW HITPOINT WARNING * * *
The quokka bites you but does no damage.
The hound completely misses you.
Terence zaps a wand.
The puff of frost hits you!
You feel a terrible chill!
You die...

..)..# #.# #.#
##..#....(((.. ####.# ###
#.. ...#.#####(.. #.#
#### #.##.# #(## #.#
##.##.# #%## #.#
##...#.## #.## #.#
#.......####.## #.#
..########.....#......##
#.#
.......h.##........###.##
#.# #.@@r.........##...#
#.# #!###..####.........
# #(.........#....
#..####.....#... .%.#
#.......... ...#
##.....#.## ##...
.........## ##.#
####.###### . #.#


You could see Terence, a hound (bleeding) and a quokka.

Vanquished Creatures
  5 adders
  2 worms
  2 giant geckos
  A giant cockroach (D:1)
  7 hobgoblins
  9 jackals
  4 kobolds
  2 ball pythons
  8 bats
  2 giant newts (D:3)
  14 goblins
  A rat (D:3)
57 creatures vanquished.

Notes
Turn   | Place    | Note
--------------------------------------------------------------
     0 | D:1      | HollowCharge, the Ogre Gladiator, began the quest for the Orb.
     0 | D:1      | Reached XP level 1. HP: 22/22 MP: 1/1
   294 | D:1      | Reached XP level 2. HP: 29/31 MP: 2/2
   996 | D:2      | Reached XP level 3. HP: 32/37 MP: 3/3
  1754 | D:2      | Reached skill level 5 in Maces & Flails
  2008 | D:2      | Reached XP level 4. HP: 35/48 MP: 4/4
  2871 | D:3      | Gained mutation: You have a pair of small horns on your head. [potion of mutation]
  2871 | D:3      | Gained mutation: You have a very fast metabolism. [potion of mutation]
  2871 | D:3      | Lost mutation: You have a very fast metabolism. [potion of mutation]
  2872 | D:3      | Gained mutation: You are agile. (Dex +2) [potion of mutation]
  2872 | D:3      | Gained mutation: You have a very fast metabolism. [potion of mutation]
  2958 | D:3      | Noticed Terence
  2964 | D:3      | Reached XP level 5. HP: 47/55 MP: 5/5
  2971 | D:3      | HP: 2/55 [Terence/wand of frost (10)]
  2971 | D:3      | Killed from afar by Terence

Action                   |  1- 3 |  4- 6 || total
-------------------------+-------+-------++-------
Melee: Flail             |   119 |    93 ||   212
  Use: Scroll            |     3 |     4 ||     7
       Potion            |       |     4 ||     4
